 Dungeon Crawl Stone Soup version 0.31-a0-846-gb3bcc0d938 (webtiles) character file.

Game seed: 10698291845037827178

18965 DocEon the Fighter (level 12, -3/84 HPs)
             Began as a Gargoyle Monk on Oct 3, 2023.
             Was a High Priest of Fedhas.
             Killed by an exploding ballistomycete spore (19 damage)
             ... set off by their pet
             ... on level 11 of the Dungeon.
             The game lasted 00:12:45 (9598 turns).

DocEon the Fighter (Gargoyle Monk)                  Turns: 9598, Time: 00:12:46

Health: -3/84      AC: 33    Str: 28    XL:     12   Next: 64%
Magic:  15/15      EV: 10    Int: 11    God:    Fedhas [*****.]
Gold:   612        SH: 11    Dex: 22    Spells: 11/11 levels left

rFire   + . .        a - +8 war axe of Ereip {freeze, rF+ Str+2 Dex+4}
rCold   . . .        f - +0 buckler
rNeg    + . .        K - +2 chain mail "Baifiad" {Dex+6}
rPois   ∞            j - +1 helmet
rElec   +            (no cloak)
rCorr   .            y - +2 pair of gloves
SInv    .            D - +0 pair of boots
Will    .....        l - amulet of reflection
Stlth   x              - +6 ring of strength
HPRegen 0.34/turn    g - +4 ring of protection
MPRegen 0.14/turn

%: reflection
@: marked
A: sickness immunity, AC +8, negative energy resistance 1, electricity
resistance, torment resistance 1, petrification resistance
a: Renounce Religion, Wall of Briars, Grow Ballistomycete, Overgrow, Grow Oklob


You were on level 11 of the Dungeon.
You worshipped Fedhas.
Fedhas was extremely pleased with you.
You visited 1 branch of the dungeon, and saw 11 of its levels.

You collected 881 gold pieces.
You spent 269 gold pieces at shops.

Inventory:

Hand Weapons
 a - the +8 war axe of Ereip (weapon) {freeze, rF+ Str+2 Dex+4}
   (You found it on level 8 of the Dungeon)

   Str+2:     It affects your strength (+2).
   Dex+4:     It affects your dexterity (+4).
   rF+:       It protects you from fire.
 b - a +2 war axe of flaming
 i - a +1 whip of electrocution
Missiles
 B - 12 poisoned darts (quivered)
Armour
 f - a +0 buckler (worn)
 j - a +1 helmet (worn)
 y - a +2 pair of gloves (worn)
 D - a +0 pair of boots (worn)
 K - the +2 chain mail "Baifiad" (worn) {Dex+6}
   (You found it on level 8 of the Dungeon)

   Dex+6:     It affects your dexterity (+6).
Jewellery
 e - a ring of flight
 g - a +4 ring of protection (right hand)
 l - an amulet of reflection (around neck)
 p - a ring of positive energy
 w - a ring of resist corrosion
 x - a +6 ring of strength (left hand)
 E - a ring of wizardry
 G - a ring of protection from cold
Wands
 n - a wand of polymorph (10)
 t - a wand of charming (13)
 L - a wand of mindburst (16)
Scrolls
 m - a scroll of blinking
 o - 3 scrolls of teleportation
 q - 2 scrolls of fog
 u - 4 scrolls of enchant armour
 C - a scroll of amnesia
 F - 2 scrolls of silence
 I - 3 scrolls of poison
 P - a scroll of enchant weapon
Potions
 c - a potion of ambrosia
 d - 2 potions of invisibility
 h - a potion of haste
 k - a potion of mutation
 r - a potion of resistance {unknown}
 s - 2 potions of attraction
 v - a potion of enlightenment {unknown}
 z - a potion of heal wounds {unknown}
 A - 3 potions of curing
 H - a potion of brilliance {unknown}
 J - a potion of cancellation {unknown}
 M - 2 potions of berserk rage
 N - a potion of might {unknown}
 O - a potion of magic {unknown}


   Skills:
 * Level 13.0 Fighting
 + Level 6.2(9.4) Axes
 - Level 12.0(12.7) Maces & Flails
 + Level 8.9 Armour
 - Level 2.4 Dodging
 - Level 5.0 Shields
 - Level 5.0 Invocations


You had 11 spell levels left.
You didn't know any spells.
Your spell library contained the following spells:

 Spells                   Type           Power      Damage    Failure   Level
 Apportation              Tloc           0%         N/A       83%         1
 Shock                    Conj/Air       0%         1d3       83%         1
 Summon Small Mammal      Summ           0%         N/A       83%         1
 Jinxbite                 Hex            0%         N/A       92%         2
 Poisonous Vapours        Pois/Air       0%         N/A       92%         2
 Call Canine Familiar     Summ           0%         N/A       99%         3
 Ignite Poison            Fire/Tmut/Pois 0%         N/A       99%         3
 Summon Guardian Golem    Hex/Summ       0%         N/A       99%         3
 Swiftness                Air            0%         N/A       99%         3
 Airstrike                Air            0%         2d(0-16)  100%        4
 Petrify                  Tmut/Erth      0%         N/A       100%        4
 Alistair's Intoxication  Tmut/Pois      0%         N/A       100%        5
 Freezing Cloud           Conj/Ice/Air   0%         6-21      100%        5
 Lehudib's Crystal Spear  Conj/Erth      0%         10d2      100%        8
 Cigotuvi's Dreadful Rot  Necr/Pois/Air  Unusable   N/A       N/A         2

Dungeon Overview and Level Annotations

Branches:
Dungeon (11/15)            Temple (0/1) D:7
   Lair: D:8-11         Orc: D:9-12

Altars:
Fedhas
Hepliaklqana
Yredelemnul

Shops:
D:4 [=!   D:10 =

Annotations:
D:11 Harold


Innate Abilities, Weirdness & Mutations

You are immune to sickness and miasma.
Your stone body is resilient. (AC +8)
You are immune to poison.
You resist negative energy. (rN+)
You are resistant to electric shocks. (rElec)
You are resistant to unholy torment.
You are immune to petrification.


Message History

Fedhas appreciates your contribution to the ecosystem.
You now have 612 gold pieces (gained 117).
Items here: ) [[ †.
Something hits you but does no damage.
Deactivating autopickup; reactivate with Ctrl-A.
Something hits your ballistomycete spore!
Your ballistomycete spore explodes!
The explosion of spores engulfs you but does no damage.
The explosion of spores engulfs something!!
The cyclops throws a large rock.
You block the large rock with an invisible shield... and reflect it back!
The large rock hits the cyclops!!
You hear a roar!
A ballistomycete spore comes into view.
You slash something! You freeze something. Fedhas accepts your kill.
Reactivating autopickup.
You feel a bit more experienced. Something hits you.
* * * LOW HITPOINT WARNING * * *
Deactivating autopickup; reactivate with Ctrl-A.
Something sets off the alarm!
The alarm trap emits a blaring wail!
A sentinel's mark forms upon you.
You hear a shout!
A ballistomycete spore comes into view.
Okay, then.
Something hits you but does no damage.
Something hits your ballistomycete spore!
Your ballistomycete spore explodes!
The explosion of spores engulfs you but does no damage.
The explosion of spores engulfs something!!
A ballistomycete spore comes into view.
You swap places.
The boulder beetle seems less confused.
Something hits your ballistomycete.
The boulder beetle leaps!
Your ballistomycete spore explodes!
The explosion of spores engulfs something!
Fedhas protects your plant from harm. The explosion of spores engulfs you!!
You die...
Fedhas appreciates your contribution to the ecosystem.

#.#..[###.#..#.
#.#..[.....##.
#.#..#†..#...
#.#...###...}
#..B.## .))
###.*.###T.##
#..#...#..#
#P......#
#..@#.#.#
#†.##.# #.#
#)*)..#..#
#○......#
#C†.#)##$$
#.)..##
#.....)C..
#...#...##....
.....#..##
#....


You could see a boulder beetle, a cyclops (confused, ally target), a troll, a
friendly ballistomycete (summoned) and 2 friendly ballistomycete spores.

Vanquished Creatures
  A centaur warrior (D:11)
  An ogre mage (D:11)
  3 two-headed ogres
  A tengu warrior (D:11)
  Urug (D:10)
  5 skeletal warriors
  2 deep elf pyromancers
  The ghost of MathMan16 the Magician, a novice DjNe (D:7)
  A cyclops (D:11)
  2 manticores (D:11)
  Jeremiah (D:6)
  Psyche (D:10)
  A komodo dragon (D:10)
  2 unseen horrors
  A yaktaur (D:11)
  6 trolls
  A dream sheep (shapeshifter) (D:11)
  A shadow (D:11)
  4 yaks (D:10)
  3 wyverns
  3 vampire mosquitoes
  Menkaure (D:6)
  3 wargs (D:11)
  3 acid dragons
  3 water moccasins
  3 orc warriors
  An ice beast (D:7)
  A black bear (D:7)
  5 centaurs
  3 ogres (D:7)
  Blork the orc (D:4)
  A kobold brigand (D:5)
  3 bullfrogs
  A gnoll sergeant (D:6)
  5 scorpions
  23 wights
  7 killer bees
  4 howler monkeys
  2 hounds
  A jelly (D:4)
  A gnoll bouda (D:7)
  5 orc priests
  8 orc wizards
  Robin (D:1)
  12 gnolls
  5 adders
  2 white imps
  5 worms
  3 dart slugs
  33 orcs
  8 ball pythons
  10 endoplasms
  5 giant cockroaches
  11 goblins
  6 hobgoblins
  2 jackals (D:2)
  13 kobolds
  4 quokkas
  7 bats
  2 frilled lizards
  6 rats
  A ballistomycete spore (D:11)
263 creatures vanquished.

Vanquished Creatures (collateral kills)
  11 ballistomycete spores
11 creatures vanquished.

Vanquished Creatures (others)
  3 ballistomycete spores (D:11)
3 creatures vanquished.

Grand Total: 277 creatures vanquished

Notes
Turn   | Place    | Note
-------+----------+-------------------------------------------
     0 | D:1      | DocEon the Gargoyle Monk began the quest for the Orb.
     0 | D:1      | Reached XP level 1. HP: 14/14 MP: 1/1
   116 | D:1      | Reached XP level 2. HP: 19/19 MP: 2/2
   323 | D:1      | Reached XP level 3. HP: 12/23 MP: 3/3
  1099 | D:2      | Reached XP level 4. HP: 23/28 MP: 4/4
  1160 | D:2      | Reached skill level 5 in Maces & Flails
  1405 | D:2      | Noticed Robin
  1478 | D:1      | Reached XP level 5. HP: 27/32 MP: 5/5
  1519 | D:1      | Killed Robin
  1602 | D:2      | Found a faded altar of an unknown god.
  1608 | D:2      | Prayed at the altar of an unknown god.
  1608 | D:2      | Became a worshipper of Fedhas Madash
  1608 | D:2      | Reached * piety under Fedhas
  1608 | D:2      | Reached ** piety under Fedhas
  1987 | D:3      | Reached *** piety under Fedhas
  2062 | D:3      | Reached skill level 1 in Invocations
  2510 | D:4      | Reached XP level 6. HP: 37/37 MP: 5/7
  2725 | D:4      | Found Hiateful's Armour Shop.
  3189 | D:4      | Found Meatsy's Jewellery Shoppe.
  3252 | D:4      | Noticed Blork the orc
  3267 | D:4      | Killed Blork the orc
  3314 | D:4      | Found Ymighy's Distillery.
  3319 | D:4      | Bought a potion of curing for 39 gold pieces
  3319 | D:4      | Bought a potion of berserk rage for 65 gold pieces
  3464 | D:5      | Entered Level 5 of the Dungeon
  3513 | D:5      | Reached XP level 7. HP: 41/41 MP: 9/9
  3652 | D:4      | Bought a +2 pair of gloves for 165 gold pieces
  4290 | D:6      | Reached XP level 8. HP: 44/46 MP: 11/11
  4316 | D:6      | Found a hazy altar of Hepliaklqana.
  4330 | D:6      | HP: 2/46 [gnoll sergeant/+0 spear (11)]
  4702 | D:6      | Noticed Jeremiah
  4718 | D:6      | Killed Jeremiah
  4719 | D:6      | Reached skill level 5 in Invocations
  4822 | D:6      | Reached **** piety under Fedhas
  4823 | D:6      | Reached skill level 10 in Maces & Flails
  4905 | D:6      | Noticed Menkaure
  4910 | D:6      | Killed Menkaure
  5184 | D:7      | Reached XP level 9. HP: 51/51 MP: 12/12
  5222 | D:7      | Found a staircase to the Ecumenical Temple.
  5467 | D:7      | Noticed MathMan16's ghost (novice DjNe)
  5467 | D:7      | Identified the +0 giant club of Equivalence {antimagic,
                  | Contam Will+ rCorr}
  5467 | D:7      | Noticed a two-headed ogre
  5468 | D:7      | Found a transporter.
  5473 | D:7      | Found a transporter.
  5798 | D:7      | Found a basalt altar of Yredelemnul.
  6054 | D:7      | Killed a two-headed ogre
  6055 | D:7      | Reached skill level 4 in Fighting
  6055 | D:7      | Reached skill level 1 in Armour
  6055 | D:7      | Reached skill level 1 in Shields
  6064 | D:7      | Killed MathMan16's ghost
  6065 | D:7      | Reached skill level 5 in Fighting
  6065 | D:7      | Reached XP level 10. HP: 42/60 MP: 9/13
  6155 | D:8      | Reached skill level 6 in Fighting
  6162 | D:8      | Identified the +8 war axe of Ereip {freeze, rF+ Str+2
                  | Dex+4}
  6209 | D:8      | Identified the +2 chain mail "Baifiad" {Dex+6}
  6251 | D:8      | Noticed a skeletal warrior
  6252 | D:8      | Noticed a skeletal warrior
  6253 | D:8      | Noticed a skeletal warrior
  6276 | D:7      | Killed a skeletal warrior
  6542 | D:8      | Reached skill level 7 in Fighting
  6716 | D:8      | Killed a skeletal warrior
  6717 | D:8      | Reached skill level 1 in Axes
  6726 | D:8      | Killed a skeletal warrior
  6727 | D:8      | Reached skill level 8 in Fighting
  6727 | D:8      | Reached skill level 5 in Armour
  6727 | D:8      | Reached skill level 5 in Shields
  6906 | D:8      | Noticed a skeletal warrior
  6908 | D:8      | Noticed a skeletal warrior
  6941 | D:8      | Killed a skeletal warrior
  6942 | D:8      | Reached XP level 11. HP: 50/69 MP: 10/14
  6949 | D:8      | Killed a skeletal warrior
  6950 | D:8      | Reached skill level 9 in Fighting
  7558 | D:9      | Noticed a two-headed ogre
  7567 | D:9      | Killed a two-headed ogre
  7767 | D:9      | Reached ***** piety under Fedhas
  8015 | D:9      | Reached skill level 10 in Fighting
  8157 | D:10     | Entered Level 10 of the Dungeon
  8157 | D:10     | Noticed a two-headed ogre
  8166 | D:10     | Killed a two-headed ogre
  8231 | D:10     | Noticed Urug
  8233 | D:10     | Found Itro's Jewellery Shoppe.
  8235 | D:10     | Noticed Psyche
  8242 | D:10     | Killed Psyche
  8247 | D:10     | Killed Urug
  8373 | D:10     | Reached skill level 11 in Fighting
  8785 | D:10     | Got a glistering book
  9030 | D:11     | Noticed a two-headed ogre
  9030 | D:11     | Noticed a two-headed ogre
  9030 | D:11     | Noticed a manticore
  9243 | D:11     | Noticed a cyclops
  9248 | D:11     | Noticed a deep elf pyromancer
  9254 | D:11     | Noticed a two-headed ogre
  9255 | D:11     | Killed a cyclops
  9256 | D:11     | Reached skill level 5 in Axes
  9256 | D:11     | Reached XP level 12. HP: 77/80 MP: 15/15
  9256 | D:11     | Noticed Harold
  9312 | D:11     | Identified the +6 battleaxe "Ultimatum" {venom, Drain rC+
                  | Int+2 Dex+3}
  9312 | D:11     | Noticed an ogre mage
  9325 | D:11     | Killed an ogre mage
  9326 | D:11     | Reached skill level 12 in Fighting
  9563 | D:11     | Noticed a centaur warrior
  9571 | D:11     | Killed a centaur warrior
  9572 | D:11     | Noticed a tengu warrior
  9580 | D:11     | Killed a tengu warrior
  9582 | D:11     | Noticed a boulder beetle
  9589 | D:11     | Identified the ring of the Painted God {MP+9 Dex+4 Stlth+}
  9594 | D:11     | Reached skill level 13 in Fighting
  9598 | D:11     | Killed by an exploding ballistomycete spore... set off by
                  | their pet

Illustrated notes

Levels and vault maps discovered:
D:1:      matt_arrival_refuge, layout_loops_ring, minmay_pentomino_s4
D:2:      layout_basic, dreamdust_ecumenical_altar_angels_and_demons, uniq_robin
D:3:      layout_loops_cross
D:4:      layout_loops_corners, serial_shops, kennysheep_little_box,
          nicolae_take_the_stairs, shop, uniq_blork_the_orc
D:5:      layout_rooms, serial_rivers, chequers_serial_rivers_micro_c,
          chequers_serial_rivers_marsh, chequers_serial_rivers_micro_e,
          chequers_serial_rivers_large_b, chequers_serial_rivers_room_a,
          chequers_serial_rivers_small_b
D:6:      layout_gridville, nicolae_hepliaklqana_hazy_memory, uniq_menkaure,
          uniq_jeremiah
D:7:      layout_basic, mainiacjoe_overflow_surrounded_room,
          minmay_temple_entry_slanted, gammafunk_ghost_smash, minmay_crossroads
D:8:      layout_cave_pods
D:9:      layout_basic
D:10:     layout_basic, serial_shops, shop, chequers_serial_rivers_micro_d,
          eino_jars, uniq_urug, uniq_psyche
D:11:     minmay_the_grid_square_5x5_5x5_mashed
          [minmay_the_grid_square_5x5_sharp_hourglass,
          minmay_the_grid_square_5x5_gyroscope,
          minmay_the_grid_square_5x5_shrine2, minmay_the_grid_square_5x5_n,
          minmay_the_grid_square_5x5_z, minmay_the_grid_square_5x5_c,
          minmay_the_grid_square_5x5_prize_rear_guard,
          minmay_the_grid_square_5x5_intrusive_squares,
          minmay_the_grid_square_5x5_prize_waves,
          minmay_the_grid_square_5x5_pentomino_r,
          minmay_the_grid_square_5x5_trominoes,
          minmay_the_grid_square_5x5_minimal,
          minmay_the_grid_square_5x5_prize_pseudospiral,
          minmay_the_grid_square_5x5_one_wall, minmay_the_grid_square_5x5_eight,
          minmay_the_grid_square_5x5_beaten_path,
          minmay_the_grid_square_5x5_prize_gold,
          minmay_the_grid_square_5x5_misaligned,
          minmay_the_grid_square_5x5_prize_open,
          minmay_the_grid_square_5x5_inset, minmay_the_grid_square_5x5_inner_v,
          minmay_the_grid_square_5x5_dogpile, minmay_the_grid_square_5x5_meh,
          minmay_the_grid_square_5x5_tetrominoes,
          minmay_the_grid_square_5x5_lines], layout_loops_ring,
          erik_lair_orcish_takeover, serial_shops, shop, uniq_harold,
          uniq_sonja, uniq_lodul

Skill      XL: |  1  2  3  4  5  6  7  8  9 10 11 12 |
---------------+-------------------------------------+-----
Maces & Flails | 4 5 6 7 8 10 12 | 12.0
Invocations    | 1 3 4 5 |  5.0
Fighting       | 5 8 11 13 | 13.0
Armour         | 3 5 7 8 |  8.9
Shields        | 3 5 |  5.0
Axes           | 2 5 6 |  6.2
Dodging        | |  2.4

Action                     |  1- 3 |  4- 6 |  7- 9 | 10-12 || total
---------------------------+-------+-------+-------+-------++-------
  Melee: Mace              |    95 |   142 |       |       ||   237
         Flail             |       |   138 |    31 |       ||   169
         Whip              |       |       |   197 |     9 ||   206
         War axe           |       |       |       |   307 ||   307
  Throw: Dart              |       |     5 |       |       ||     5
 Invoke: Grow Ballistomyce |       |       |     1 |     2 ||     3
    Use: Scroll            |     3 |     7 |     4 |     3 ||    17
         Potion            |       |       |       |     1 ||     1
   Stab: Confused          |       |       |       |     4 ||     4
 Armour: Robe              |    54 |       |       |       ||    54
         Ring mail         |    31 |   137 |       |       ||   168
         Scale mail        |       |    67 |   108 |     9 ||   184
         Chain mail        |       |       |       |   280 ||   280
         Skin              |       |       |       |    10 ||    10
  Dodge: Dodged            |    62 |   168 |    54 |   123 ||   407
  Block: Buckler           |       |    46 |    67 |   210 ||   323
         Reflection        |       |       |     1 |     9 ||    10

Table legend: (Time is in decaauts)
 A = Elapsed time spent in this place.
 B = Non-inter-level travel time spent in this place.
 C = Inter-level travel time spent in this place.
 D = Time resting spent in this place.
 E = Time spent auto-exploring this place.
 F = Levels seen in this place.
 G = Mean time per level.
                   A        B        C        D        E       F      G
               +--------+--------+--------+--------+--------+-----+--------+
         Total |   9701 |   9178 |    523 |   1246 |   5889 |  11 |  881.9 |
       Dungeon |   9701 |   9178 |    523 |   1246 |   5889 |  11 |  881.9 |
               +--------+--------+--------+--------+--------+-----+--------+

Top non-repeatable levels by time:
    D:10: 1297 daAuts
     D:8: 1250 daAuts
     D:1: 1242 daAuts
     D:4: 989 daAuts
     D:7: 981 daAuts
     D:6: 870 daAuts
     D:5: 861 daAuts
     D:9: 746 daAuts
     D:3: 676 daAuts
     D:2: 628 daAuts
    D:11: 156 daAuts
